 Dungeon Crawl Stone Soup version 0.29.1-2-gbd0b4ee654 (webtiles) character file.

Game seed: 12415439552876422171

1729 Icepheonix32 the Changer (level 8, 0/59 HPs)
             Began as a Demigod Transmuter on Nov 9, 2022.
             Slain by Blork the orc
             ... wielding a +1 glaive of protection
              (10 damage)
             ... on level 6 of the Dungeon.
             The game lasted 00:18:38 (6301 turns).

Icepheonix32 the Changer (Demigod Transmuter)       Turns: 6301, Time: 00:18:38

Health: 0/59       AC:  2    Str: 19    XL:     8   Next: 47%
Magic:  14/17      EV: 21    Int: 21    God:
Gold:   313        SH:  0    Dex: 19    Spells: 4/15 levels left

rFire   + . .      SeeInvis .     - Unarmed
rCold   . . .      Faith    .   (shield currently unavailable)
rNeg    . . .      Spirit   .   (body armour currently unavailable)
rPois   x          Reflect  .   (helmet currently unavailable)
rElec   .          Harm     .   (cloak currently unavailable)
rCorr   .          Rampage  .   (gloves currently unavailable)
Will    .....                   (boots currently unavailable)
Stlth   ++........              (no amulet)
HPRegen 0.19/turn               e - ring of protection from fire
MPRegen 0.15/turn               y - +6 ring of intelligence

@: spider-form, invisible
A: venomous fangs, tiny, high MP 1, forlorn, divine attributes, (camouflage 1),
(poison resistance), wild magic 1
a: End Transformation


You were on level 6 of the Dungeon.
You were a venomous arachnid creature.
You visited 1 branch of the dungeon, and saw 6 of its levels.
You also visited: Ossuary.

You collected 454 gold pieces.
You spent 141 gold pieces at shops.

Inventory:

Hand Weapons
 b - a +4 spear
Missiles
 d - 8 poisoned darts
 t - 2 throwing nets
 v - 3 boomerangs
Armour
 c - a +1 troll leather armour (melded) {Pargi}
 m - a +1 helmet (melded)
Jewellery
 e - a ring of protection from fire (left front leg)
 y - a +6 ring of intelligence (right front leg)
 z - a ring of willpower
 B - a ring of see invisible
Wands
 o - a wand of mindburst (16)
Scrolls
 f - 2 scrolls of brand weapon
 g - 2 scrolls of vulnerability
 i - 3 scrolls of fear
 j - 2 scrolls of blinking
 k - a scroll of amnesia
 q - a scroll of summoning {unknown}
 s - 2 scrolls of fog
 A - 2 scrolls of teleportation
 C - a scroll of silence {unknown}
 D - a scroll of poison {unknown}
Potions
 a - a potion of might {unknown}
 l - 4 potions of cancellation
 n - a potion of magic {unknown}
 p - a potion of ambrosia
 r - 3 potions of mutation
 u - a potion of flight
 w - 3 potions of curing
 x - 3 potions of brilliance {unknown}


   Skills:
 - Level 1.3 Fighting
 - Level 2.2 Armour
 - Level 3.3 Dodging
 - Level 4.3 Unarmed Combat
 - Level 4.1 Spellcasting
 * Level 7.2 Transmutations
 - Level 3.0 Poison Magic


You had 4 spell levels left.
You knew the following spells:

 Your Spells              Type           Power      Damage    Failure   Level
a - Beastly Appendage     Tmut           90%        N/A       7%          1
b - Spider Form           Tmut/Pois      33%        N/A       19%         3
c - Wereblood             Tmut           45%        N/A       8%          2
d - Blade Hands           Tmut           22%        N/A       45%         5

Your spell library contained the following spells:

 Spells                   Type           Power      Damage    Failure   Level
 Ice Form                 Ice/Tmut       25%        N/A       56%         4
 Portal Projectile        Hex/Tloc       10%        N/A       65%         3
 Tukima's Dance           Hex            5%         N/A       65%         3


Dungeon Overview and Level Annotations

Branches:
Dungeon (6/15)             Temple (0/1) D:5         Ossuary (visited)

Shops:
D:5 ?[=*[

Annotations:
D:6 Blork the orc


Innate Abilities, Weirdness & Mutations

You are a venomous arachnid creature.
You have poisonous fangs.
You are tiny and dextrous.
Your spellcasting is less reliable in this form.
Your armour is entirely melded.
You are incapable of wielding weapons or throwing items.
You have an increased reservoir of magic. (+10% MP)
You shall have no god before yourself.
Your divine heritage dramatically boosts your attributes as you level up.
((Your skin changes colour to match your surroundings (Stealth+).))
((Your system is resistant to poisons. (rPois)))
Your spells are a little harder to cast, but a little more powerful.


Message History

The necrophage is heavily damaged.
The necrophage hits you.
Blork the orc gestures at you while chanting.
The magic dart hits you.
You hit the necrophage. Your kick misses the necrophage.
The necrophage is severely damaged.
The necrophage hits you.
Blork the orc hits you from afar with a +1 glaive of protection.
You punch the necrophage!
You destroy the necrophage!
Blork the orc hits you from afar with a +1 glaive of protection!
Blork the orc hits you with a +1 glaive of protection!
* * * LOW HITPOINT WARNING * * *
You are too injured to fight recklessly!
You are too injured to fight recklessly!
You are too injured to fight recklessly!
You are too injured to fight recklessly!
You are too injured to fight recklessly!
You are too injured to fight recklessly!
You are too injured to fight recklessly!
You are too injured to fight recklessly!
Unknown command.
You hit Blork the orc. You headbutt Blork the orc.
Blork the orc is moderately wounded.
Blork the orc mumbles some strange words.
Blork the orc seems to speed up.
You fade into invisibility!
Blork the orc frowns.
Blork the orc hits you with a +1 glaive of protection!
* * * LOW HITPOINT WARNING * * *
Unknown command.
Casting: Beastly Appendage (safe; 1% risk of failure)
Confirm with . or Enter, or press ? or * to list all spells.
Your horns disappear.
Your talons disappear.
Your +1 helmet unmelds from your body.
You turn into a venomous arachnid creature.
Your +1 helmet melds into your body.
Your +1 troll leather armour {Pargi} melds into your body.
Blork the orc hits you with a +1 glaive of protection!
You die...

#....## ##..##
#######.### #.........##
#.......#..#############
#.......##.....#.......#
#.......####...#.......#
#[......# #...'†......#
#.......# #...#s......#
#.......# #...#o......#
#.......# #...#.......#
#.......# #...#.......#
#.......## #####.......#
#......... ######...
##.####.... ##. #.# ....
##.## ..


You could see Blork the orc (fast, unable to see you).

Vanquished Creatures
  Grinder (D:3)
  An ice beast (D:6)
  Pargi (D:3)
  A black bear (D:6)
  An ogre (D:5)
  2 phantoms
  4 scorpions
  A necrophage (D:6)
  An orc priest (D:4)
  4 hounds
  2 iguanas (D:5)
  4 orc wizards
  8 mummies (Ossuary)
  13 gnolls
  8 adders
  A white imp (D:6)
  An ufetubus (D:5)
  A worm (D:3)
  A dart slug (D:2)
  25 orcs
  4 ball pythons
  2 bats
  3 endoplasms (D:2)
  4 giant cockroaches
  A gnoll zombie (Ossuary)
  6 goblins
  10 hobgoblins
  3 jackals (D:1)
  6 kobolds
  2 quokkas
  3 frilled lizards
  4 hobgoblin zombies (Ossuary)
  A kobold zombie (Ossuary)
  4 orc zombies
  9 rats
143 creatures vanquished.

Notes
Turn   | Place    | Note
-------+----------+-------------------------------------------
     0 | D:1      | Icepheonix32 the Demigod Transmuter began the quest for the
                  | Orb.
     0 | D:1      | Reached XP level 1. HP: 15/15 MP: 5/5
   279 | D:1      | Reached XP level 2. HP: 19/22 MP: 5/7
   427 | D:1      | Reached skill level 2 in Transmutations
   471 | D:1      | Reached skill level 1 in Fighting
  1119 | D:1      | Reached XP level 3. HP: 4/28 MP: 9/9
  1848 | D:2      | Learned a level 3 spell: Spider Form
  1851 | D:2      | Learned a level 2 spell: Wereblood
  2385 | D:2      | Reached skill level 1 in Poison Magic
  2385 | D:2      | Reached XP level 4. HP: 35/35 MP: 8/10
  2544 | D:3      | Noticed a phantom
  2552 | D:3      | Killed a phantom
  2553 | D:3      | Reached skill level 1 in Armour
  2618 | D:3      | Noticed Grinder
  2635 | D:3      | Paralysed by Grinder for 2 turns
  2638 | D:3      | Killed Grinder
  2639 | D:3      | Reached XP level 5. HP: 39/40 MP: 12/12
  2639 | D:3      | Reached XP level 6. HP: 46/47 MP: 13/13
  2954 | D:3      | Noticed Pargi
  2962 | D:3      | Killed Pargi
  2963 | D:3      | Reached skill level 3 in Transmutations
  3879 | D:4      | Reached XP level 7. HP: 42/52 MP: 8/15
  4051 | D:4      | Gained mutation: Your spells are a little harder to cast,
                  | but a little more powerful. [potion of mutation]
  4051 | D:4      | Gained mutation: Your system is resistant to poisons.
                  | (rPois) [potion of mutation]
  4051 | D:4      | Gained mutation: Your skin changes colour to match your
                  | surroundings (Stealth+). [potion of mutation]
  4325 | D:4      | Learned a level 5 spell: Blade Hands
  4521 | D:5      | Entered Level 5 of the Dungeon
  4730 | D:5      | Reached skill level 4 in Transmutations
  4812 | D:5      | Found Aladyfof's Armour Shoppe.
  4818 | D:5      | Found a staircase to the Ecumenical Temple.
  5002 | D:5      | Found Byruh's General Store.
  5014 | D:5      | Bought a potion of curing for 36 gold pieces
  5052 | D:5      | Reached skill level 5 in Transmutations
  5133 | D:5      | Found Namp's Antique Armour Emporium.
  5153 | D:5      | Found Busmaqauz's Jewellery Shop.
  5165 | D:5      | Reached XP level 8. HP: 56/59 MP: 17/17
  5659 | D:5      | Found Korphout's Magic Scroll Emporium.
  5860 | D:5      | Bought a scroll of enchant armour for 75 gold pieces
  5860 | D:5      | Bought a scroll of teleportation for 30 gold pieces
  5935 | D:6      | Found a sand-covered staircase.
  5948 | Ossuary  | Entered an ossuary
  5968 | Ossuary  | Reached skill level 6 in Transmutations
  6284 | D:6      | Reached skill level 7 in Transmutations
  6293 | D:6      | Noticed Blork the orc
  6301 | D:6      | Slain by Blork the orc

Illustrated notes

Levels and vault maps discovered:
D:1:      dpeg_arrival_castle, layout_basic,
          hellmonk_ecumenical_altar_arch_garden
D:2:      layout_rooms, ebering_dispersal_statue_hall, minivault_25
D:3:      layout_basic, dk_noncrumbling_3, minmay_distorted, uniq_pargi,
          uniq_grinder
D:4:      layout_cave_pools, bloody_makhleb, ashenzari_conservatory_becter,
          mainiacjoe_overflow_alcove_4
D:5:      layout_layer_cave, minmay_temple_entry_mist, serial_shops,
          nicolae_shop_crystal, nicolae_shop_hallway_plus, shop,
          nicolae_diamond_shop, nicolae_shop_hallway_plus
D:6:      layout_basic, marbit_many_paths, kennysheep_okawaru_gauntlet,
          enter_ossuary_3, nicolae_elevator_lobby_plus, uniq_blork_the_orc

Skill      XL: |  1  2  3  4  5  6  7  8 |
---------------+-------------------------+-----
Unarmed Combat | 3 4 |  4.3
Dodging        | 2 3 |  3.3
Transmutations | 2 3 5 7 |  7.2
Fighting       | 1 |  1.3
Spellcasting   | 2 3 4 |  4.1
Poison Magic   | 1 2 3 |  3.0
Armour         | 1 2 |  2.2

Action                   |  1- 3 |  4- 6 |  7- 9 || total
-------------------------+-------+-------+-------++-------
Melee: Unarmed           |   105 |   130 |   221 ||   456
       Kick              |    22 |    13 |    57 ||    92
       Headbutt          |    16 |     6 |    34 ||    56
       Punch             |     3 |     2 |     5 ||    10
Throw: Dart              |       |       |     5 ||     5
 Cast: Beastly Appendage |    23 |     8 |    25 ||    56
       Wereblood         |     1 |     3 |     9 ||    13
       Spider Form       |       |     4 |     3 ||     7
       Blade Hands       |       |       |     1 ||     1
  Use: Scroll            |     3 |     4 |    11 ||    18
       Potion            |     1 |     3 |     7 ||    11
 Stab: Sleeping          |       |       |     3 ||     3
       Distracted        |       |       |     1 ||     1
Armor: Robe              |     2 |       |       ||     2
       Leather armour    |    21 |     1 |       ||    22
       Skin              |       |    11 |     1 ||    12
       Troll leather arm |       |    17 |    54 ||    71
Dodge: Dodged            |    65 |    96 |   145 ||   306
